 Dungeon Crawl Stone Soup version 0.22.0-5-gf09313c (webtiles) character file.

12063 robertstho the Cleaver (level 11, -14/99 HPs)
             Began as a Hill Orc Fighter on Aug 13, 2018.
             Was a High Priest of Okawaru.
             Killed from afar by Erolcha (23 damage)
             ... with an orb of energy
             ... on level 11 of the Dungeon.
             The game lasted 00:20:20 (9588 turns).

robertstho the Cleaver (Hill Orc Fighter)           Turns: 9588, Time: 00:20:21

Health: -14/99     AC: 11    Str: 23    XL:     11   Next: 87%
Magic:  10/12      EV: 14    Int:  8    God:    Okawaru [*****.]
Gold:   790        SH:  0    Dex: 10    Spells: 10/10 levels left

rFire    + . .     SeeInvis .   N - +2 battleaxe of Salt {chop, rElec}
rCold    + . .     Gourm    .   (shield currently unavailable)
rNeg     . . .     Faith    .   F - +0 scale mail of the Doldrums {rPois Stlth+} (curse)
rPois    +         Spirit   .   q - +0 helmet
rElec    +         Reflect  .   (no cloak)
rCorr    +         Harm     .   (no gloves)
MR       .....                  (no boots)
Stlth    ++........             x - amulet of the acrobat
HPRegen  0.26/turn              (no ring)
MPRegen  0.13/turn              (no ring)

@: resistant, heroism
A: no striking features
a: Heroism, Finesse, Renounce Religion


You were on level 11 of the Dungeon.
You worshipped Okawaru.
Okawaru was extremely pleased with you.
You were not hungry.

You visited 1 branch of the dungeon, and saw 11 of its levels.

You collected 790 gold pieces.

Inventory:

Hand Weapons
 a - a +0 war axe
 e - the +9 hand axe of Righteous Anger {holy, rC- rN++ Int+5}
   (You found it on level 7 of the Dungeon)

   It has been blessed by the Shining One to cause great damage to the undead
   and demons.
   It affects your intelligence (+5).
   It makes you vulnerable to cold.
   It greatly protects you from negative energy.
 j - a +2 mace of draining
 I - a +2 war axe of electrocution
 J - a +2 whip of venom
 M - a +1 war axe
 N - the +2 battleaxe of Salt (weapon) {chop, rElec}
   (Okawaru gifted it to you on level 10 of the Dungeon)

   It inflicts extra damage upon your enemies.
   It insulates you from electricity.
Missiles
 m - 2 silver tomahawks (quivered)
Armour
 c - a +0 shield
 n - a +0 chain mail
 q - a +0 helmet (worn)
 F - the cursed +0 scale mail of the Doldrums (worn) {rPois Stlth+}
   (You found it on level 8 of the Dungeon)

   It protects you from poison.
   It makes you more stealthy.
   It has a curse placed upon it.
Jewellery
 x - an amulet of the acrobat (around neck)
 y - a cursed -3 ring of intelligence {unknown}
Wands
 h - a wand of paralysis (15)
 t - a wand of iceblast (8)
 C - a wand of flame (41)
 E - a wand of acid (6)
 L - a wand of enslavement (14)
Scrolls
 b - a scroll of fear {unknown}
 d - 2 scrolls of teleportation
 i - 5 scrolls of remove curse
 r - 2 scrolls of amnesia
 s - a scroll of magic mapping
 w - 2 scrolls of immolation
 z - a scroll of blinking
 A - a scroll of enchant armour {unknown}
 B - a scroll of enchant weapon
 H - a scroll of noise {unknown}
 K - 2 scrolls of identify
Potions
 k - 2 potions of ambrosia
 l - a potion of lignification
 o - a potion of flight
 p - 5 potions of agility
 u - 2 potions of cancellation
 v - a potion of curing
 G - a potion of experience {unknown}
Comestibles
 f - 27 rations
 D - 4 chunks of flesh


   Skills:
 + Level 9.6(14.6) Fighting
 + Level 14.5(19.5) Axes
 + Level 9.4(14.4) Armour
 + Level 3.2(8.2) Dodging
 + Level 0.3(5.3) Stealth
 + Level 9.9(14.9) Shields
 + Level 2.6 Invocations


You had 10 spell levels left.
You didn't know any spells.
Your spell library contained the following spells:

 Spells                   Type           Power        Failure   Level  Hunger
 Cause Fear               Hex            #.........   100%        4    #####..
 Magic Dart               Conj           #...         63%         1    ##.....
 Apportation              Tloc           #.....       63%         1    ##.....
 Slow                     Hex            #.......     77%         2    ###....
 Summon Small Mammal      Summ           #...         63%         1    ##.....
 Iskenderun's Mystic Bla  Conj           #.......     100%        4    #####..
 Animate Skeleton         Necr           N/A          63%         1    ##.....
 Confusing Touch          Hex            #.....       63%         1    ##.....
 Corona                   Hex            #......      63%         1    ##.....
 Portal Projectile        Hex/Tloc       #.....       94%         3    ####...
 Leda's Liquefaction      Hex/Erth       #.........   100%        4    #####..
 Inner Flame              Hex/Fire       #.......     94%         3    ####...
 Fulminant Prism          Conj/Hex       #.........   100%        4    #####..
 Dazzling Spray           Conj/Hex       #.....       94%         3    ####...
 Force Lance              Conj/Tloc      #.......     100%        4    #####..
 Searing Ray              Conj           #.....       77%         2    ###....


Dungeon Overview and Level Annotations

Branches:
Dungeon (11/15)            Temple (0/1) D:7            Lair (0/6) D:8
    Orc (0/2) D:9

Altars:
Ashenzari
Cheibriados
Dithmenos
Elyvilon
Fedhas
Gozag
Makhleb
Nemelex Xobeh
Okawaru
Qazlal
Wu Jian
Xom
Yredelemnul
Zin
The Shining One

Shops:
D:6 :

Annotations:
D:11 Erolcha; shummie's ghost, journeyman GrFi


Message History

* * * LOW HITPOINT WARNING * * *
You feel better. Erolcha barely misses you.
Some of the chunks of flesh in your inventory have rotted away.
You feel protected.
You gain the combat prowess of a mighty hero.
Erolcha casts a spell at you. You resist with some effort.
You hit Erolcha but do no damage.
Erolcha is heavily wounded.
Erolcha gestures wildly while chanting.
Erolcha blinks!
Erolcha casts a spell at you.
The fireball explodes!
The fireball engulfs you! You resist.
* * * LOW HITPOINT WARNING * * *
Erolcha closely misses you.
You hit Erolcha but do no damage.
Erolcha is heavily wounded.
Erolcha points at you and mumbles some strange words.
The orb of energy hits you!
You die...

#.....#...#
#####.....#...#.##.
..........#..##.... #
####.######..#....# .#
#.#...†...#.#..# ...
#.#.......#.#..# ....
####.'.......#.#..#.....
.....#.......#...O'.....
.....#.......#..@.#
'##########'##)...#
....#####...)).(###
.....'..#..####.#
.....#..#.. #.#
....##..#.. ..#
....##..### .## .
######....# .. ...#
#....# .. ....


You could see Erolcha.

Vanquished Creatures
  Josephine (D:10)
  The ghost of SimonMoon the Covert, a journeyman OpAs of Uskayaw (D:10)
  A two-headed ogre (D:10)
  An orc knight (D:10)
  A manticore (D:11)
  A deep elf mage (D:10)
  A troll (D:9)
  2 hippogriffs
  A spriggan (D:7)
  Grum (D:10)
  3 wraiths (D:10)
  A wyvern (D:10)
  10 yaks
  A hungry ghost (D:9)
  A warg (D:9)
  A water moccasin (D:5)
  2 porcupines (D:8)
  5 orc warriors
  A hornet zombie (D:9)
  Duvessa (D:5)
  A sky beast (D:11)
  A black bear (D:8)
  3 ice beasts
  11 ogres
  2 phantoms
  4 wolves (D:10)
  6 centaurs
  A crocodile (D:8)
  A big kobold (D:11)
  4 bullfrogs
  Dowan (D:5)
  3 scorpions
  2 crimson imps
  3 howler monkeys
  2 centaur zombies
  A quasit (D:7)
  A bullfrog zombie (D:9)
  6 hounds
  3 orc priests
  2 jellies
  Terence (D:3)
  Natasha (thrice) (D:2)
  8 orc wizards
  11 worker ants
  2 hound skeletons
  A worker ant zombie (D:7)
  A howler monkey skeleton (D:4)
  3 gnolls (D:8)
  8 adders
  2 shadow imps
  An ooze (D:2)
  An adder zombie (D:6)
  A dart slug (D:2)
  12 leopard geckos
  44 orcs
  2 ball pythons
  7 giant cockroaches
  11 hobgoblins
  5 jackals (D:1)
  15 kobolds
  3 quokkas
  9 bats
  A frilled lizard (D:1)
  A giant cockroach zombie (D:5)
  17 goblins
  A jackal zombie (D:6)
  7 rats
273 creatures vanquished.

Vanquished Creatures (others)
  An orc (D:7)
  3 fungi (D:8)
4 creatures vanquished.

Grand Total: 277 creatures vanquished

Notes
Turn   | Place    | Note
-------+----------+-------------------------------------------
     0 | D:1      | robertstho the Hill Orc Fighter began the quest for the Orb.
     0 | D:1      | Reached XP level 1. HP: 19/19 MP: 1/1
   143 | D:1      | Reached XP level 2. HP: 27/27 MP: 2/2
   247 | D:1      | Reached skill level 3 in Axes
   509 | D:1      | Reached XP level 3. HP: 33/33 MP: 3/3
   656 | D:2      | Noticed Natasha
   660 | D:2      | Reached XP level 4. HP: 22/40 MP: 4/4
   662 | D:2      | Killed Natasha
   698 | D:2      | You fall through a shaft!
   986 | D:3      | Noticed Terence
   988 | D:3      | Reached skill level 4 in Axes
   998 | D:3      | Killed Terence
   998 | D:3      | Reached XP level 5. HP: 42/46 MP: 5/5
  1218 | D:3      | Found a shattered altar of Ashenzari.
  1218 | D:3      | Found a blossoming altar of Fedhas.
  1416 | D:3      | Reached XP level 6. HP: 52/52 MP: 6/6
  1420 | D:3      | Reached skill level 5 in Axes
  1424 | D:3      | Found a sparkling altar of Nemelex Xobeh.
  1677 | D:2      | Found a shadowy altar of Dithmenos.
  2006 | D:2      | Noticed Natasha
  2014 | D:2      | Killed Natasha
  2085 | D:2      | Noticed Natasha
  2092 | D:2      | Killed Natasha
  2183 | D:4      | Found a stormy altar of Qazlal.
  2183 | D:4      | Found an iron altar of Okawaru.
  2191 | D:4      | Became a worshipper of Warmaster Okawaru
  2228 | D:4      | Reached skill level 5 in Armour
  2317 | D:4      | Reached skill level 6 in Axes
  2391 | D:4      | Reached skill level 5 in Shields
  2391 | D:4      | Reached XP level 7. HP: 42/60 MP: 7/7
  2448 | D:4      | Found a snail-covered altar of Cheibriados.
  2508 | D:4      | Reached * piety under Okawaru
  2621 | D:4      | Reached skill level 7 in Axes
  2792 | D:4      | Found a shimmering altar of Xom.
  2794 | D:4      | Found a basalt altar of Yredelemnul.
  2794 | D:4      | Found a sparkling altar of Nemelex Xobeh.
  2796 | D:4      | Found a burning altar of Makhleb.
  2796 | D:4      | Found a sparkling altar of Nemelex Xobeh.
  2796 | D:4      | Found an ornate altar of the Wu Jian Council.
  2859 | D:4      | Reached skill level 1 in Dodging
  3052 | D:4      | Reached skill level 5 in Fighting
  3201 | D:5      | Entered Level 5 of the Dungeon
  3264 | D:5      | Reached XP level 8. HP: 35/68 MP: 8/8
  3281 | D:5      | Reached skill level 8 in Axes
  3688 | D:5      | Reached ** piety under Okawaru
  3719 | D:5      | Found an opulent altar of Gozag.
  3789 | D:5      | Noticed Dowan
  3790 | D:5      | Noticed Duvessa
  3791 | D:5      | Found a shimmering altar of Xom.
  3799 | D:5      | Killed Duvessa
  3804 | D:5      | Killed Dowan
  3942 | D:5      | Reached skill level 9 in Axes
  4078 | D:5      | Found a glowing golden altar of the Shining One.
  4415 | D:6      | Reached XP level 9. HP: 78/78 MP: 9/9
  4452 | D:6      | Found an ornate altar of the Wu Jian Council.
  4466 | D:6      | Found Fapra's Book Emporium.
  4483 | D:6      | Found a basalt altar of Yredelemnul.
  4788 | D:7      | Found a staircase to the Ecumenical Temple.
  4796 | D:7      | Reached skill level 10 in Axes
  4940 | D:7      | Got a dazzling hand axe
  4941 | D:7      | Identified the +9 hand axe of Righteous Anger {holy, rC- rN++ Int+5} (You found it on level 7 of the Dungeon)
  4991 | D:7      | Reached *** piety under Okawaru
  5021 | D:7      | Reached skill level 11 in Axes
  5240 | D:7      | Found a glowing silver altar of Zin.
  5733 | D:8      | Reached XP level 10. HP: 58/88 MP: 8/10
  6041 | D:8      | Reached **** piety under Okawaru
  6052 | D:8      | Got a shimmering scale mail
  6065 | D:8      | Identified the cursed +0 scale mail of the Doldrums {rPois Stlth+} (You found it on level 8 of the Dungeon)
  6232 | D:8      | Found a staircase to the Lair.
  6296 | D:8      | Reached skill level 12 in Axes
  7278 | D:9      | Found a staircase to the Orcish Mines.
  7300 | D:9      | Reached skill level 13 in Axes
  7653 | D:9      | Reached ***** piety under Okawaru
  7686 | D:10     | Entered Level 10 of the Dungeon
  7708 | D:10     | Noticed Grum
  7730 | D:10     | Reached skill level 1 in Invocations
  7730 | D:10     | Reached XP level 11. HP: 14/95 MP: 8/11
  7737 | D:10     | Killed Grum
  8426 | D:10     | Noticed Josephine
  8443 | D:10     | Killed Josephine
  8471 | D:10     | Found a white marble altar of Elyvilon.
  8535 | D:10     | Noticed a two-headed ogre
  8547 | D:10     | Killed a two-headed ogre
  8547 | D:10     | Reached skill level 14 in Axes
  8784 | D:10     | Found a runed gate.
  8785 | D:10     | Found an opulent altar of Gozag.
  8785 | D:10     | Noticed SimonMoon's ghost (journeyman OpAs)
  8786 | D:10     | Found a runed gate.
  8786 | D:10     | Found a runed gate.
  8786 | D:10     | Noticed a deep elf mage
  8786 | D:10     | Noticed an orc knight
  8797 | D:10     | Killed a deep elf mage
  8802 | D:10     | Killed SimonMoon's ghost
  8816 | D:10     | Killed an orc knight
  8816 | D:10     | Received a gift from Okawaru
  8822 | D:10     | Got a fine battleaxe {god gift}
  8859 | D:10     | Identified the +2 battleaxe of Salt {chop, rElec} (Okawaru gifted it to you on level 10 of the Dungeon)
  9009 | D:11     | Found a runed door.
  9014 | D:11     | Noticed shummie's ghost (journeyman GrFi)
  9354 | D:11     | Noticed a manticore
  9365 | D:11     | Killed a manticore
  9568 | D:11     | Noticed Erolcha
  9577 | D:11     | Paralysed by Erolcha for 4 turns
  9588 | D:11     | Killed from afar by Erolcha

Skill      XL: |  1  2  3  4  5  6  7  8  9 10 11 |
---------------+----------------------------------+-----
Axes           | 3 4 6 7 9 11 13 14 | 14.5
Fighting       | 4 5 6 7 8 9 |  9.6
Armour         | 4 5 6 7 8 9 |  9.4
Shields        | 4 5 6 7 9 |  9.9
Dodging        | 1 2 3 |  3.2
Invocations    | 1 2 |  2.6
Stealth        | |  0.3

Action                   |  1- 3 |  4- 6 |  7- 9 | 10-12 || total
-------------------------+-------+-------+-------+-------++-------
Melee: War axe           |    88 |   197 |   294 |       ||   579
       Hand axe          |       |       |    90 |   278 ||   368
       Battleaxe         |       |       |       |    64 ||    64
Throw: Tomahawk          |       |       |     2 |       ||     2
Invok: Heroism           |       |       |     3 |     6 ||     9
       Finesse           |       |       |       |     1 ||     1
  Use: Potion            |     1 |     4 |     5 |     7 ||    17
       Scroll            |       |     6 |     7 |     3 ||    16
  Eat: Chunk             |       |     5 |    11 |    13 ||    29
Armor: Scale mail        |    52 |     9 |       |    60 ||   121
       Chain mail        |       |    99 |   160 |     6 ||   265
Dodge: Dodged            |    25 |    53 |    87 |   101 ||   266
Block: Shield            |    50 |   111 |   184 |   113 ||   458
